 Dungeon Crawl Stone Soup version 0.23.2-1-ga50397a (webtiles) character file.

Game seed: 5723607150913596862

83 whitewolfNL the Ducker (level 4, -2/44 HPs)
             Began as a Troll Berserker on Apr 19, 2019.
             Was a Believer of Trog.
             Slain by Sigmund
             ... wielding a +0 scythe
              (5 damage)
             ... on level 2 of the Dungeon.
             The game lasted 00:04:54 (1154 turns).

whitewolfNL the Ducker (Troll Berserker)            Turns: 1154, Time: 00:04:54

Health: -2/44      AC:  7    Str: 25    XL:     4   Next: 22%
Magic:  3/3        EV: 10    Int:  3    God:    Trog [**....]
Gold:   75         SH:  0    Dex: 10    Spells: 3/3 levels left

rFire    . . .     SeeInvis .     - Unarmed
rCold    . . .     Gourm    +   (no shield)
rNeg     . . .     Faith    .   h - +0 robe
rPois    .         Spirit   .   (helmet restricted)
rElec    .         Reflect  .   b - +0 cloak
rCorr    .         Harm     .   (gloves unavailable)
MR       .....                  (boots unavailable)
Stlth    +.........             (no amulet)
HPRegen  0.54/turn              (no ring)
MPRegen  0.08/turn              (no ring)

@: confused, berserk cooldown, slowed, very slow
A: large, unfitting armour, claws 3, fast metabolism 3, gourmand, regeneration
1, shaggy fur 1, tough skin 3
a: Berserk, Trog's Hand, Renounce Religion


You were on level 2 of the Dungeon.
You worshipped Trog.
Trog was pleased with you.
You were not hungry.

You visited 1 branch of the dungeon, and saw 2 of its levels.

You collected 75 gold pieces.

Inventory:

Hand Weapons
 a - a +0 mace
Missiles
 d - 8 curare-tipped needles
 i - 6 needles of confusion
 p - 15 poisoned needles
Armour
 b - a +0 cloak (worn)
 h - a +0 robe (worn)
Scrolls
 e - a scroll of teleportation {unknown}
 g - a scroll of enchant weapon {unknown}
 k - 2 scrolls of remove curse {unknown}
 o - a scroll of random uselessness {unknown}
 q - 2 scrolls of identify {unknown}
 s - a scroll of blinking {unknown}
Potions
 f - 2 potions of ambrosia {unknown}
 l - 3 potions of curing {unknown}
 m - a potion of brilliance {unknown}
 n - a potion of flight {unknown}
 r - a potion of degeneration {unknown}
Comestibles
 c - 5 rations


   Skills:
 * Level 2.9 Fighting
 - Level 2.6 Maces & Flails
 * Level 0.9 Throwing
 * Level 3.0 Dodging
 * Level 0.5 Stealth
 * Level 1.6 Unarmed Combat


You had 3 spell levels left.
You didn't know any spells.
Your spell library was empty.

Dungeon Overview and Level Annotations

Branches:
Dungeon (2/15)

Altars:
Uskayaw

Annotations:
D:2 Sigmund


Innate Abilities, Weirdness & Mutations

You are too large for most types of armour.
You have claws for hands.
Your metabolism is lightning-fast.
You like to eat raw meat.
Your natural rate of healing is unusually fast.
You are covered in fur. (AC +1)
You have extremely tough skin. (AC +3)


Message History

You feel yourself slow down.
You're too confused to move!
Something hits you.
A magic dart appears from out of thin air!
The magic dart hits you. Something hits you!
* * * LOW HITPOINT WARNING * * *
Something hits you!
* * * LOW HITPOINT WARNING * * *
You're too confused to move!
You feel less confused.
You hear some strange, mumbled words.
A magic dart appears from out of thin air!
The magic dart hits you.
* * * LOW HITPOINT WARNING * * *
Unknown command.
You miss something.
You hear some strange, mumbled words.
You are confused.
You miss something. Something hits you but does no damage. Something hits you.
You die...

# #### ...# ...# ...#
###########.. ...#
#............ ...#
#...........#
...###########............
................@....>...#
##############...........#
#..{........#
#...........#
...............%.#
..........?......#
.........#########
.........# #........#


There were no monsters in sight!

Vanquished Creatures
  Crazy Yiuf (D:2)
  An adder (D:2)
  2 oozes (D:1)
  A worm (D:2)
  A dart slug (D:2)
  A ball python (D:2)
  6 bats
  3 giant cockroaches
  4 goblins
  3 hobgoblins
  5 kobolds
  2 frilled lizards
  2 rats
32 creatures vanquished.

Notes
Turn   | Place    | Note
-------+----------+-------------------------------------------
     0 | D:1      | whitewolfNL the Troll Berserker began the quest for the
                  | Orb.
     0 | D:1      | Reached XP level 1. HP: 22/22 MP: 0/0
   330 | D:1      | Reached XP level 2. HP: 29/29 MP: 1/1
   730 | D:2      | Reached XP level 3. HP: 35/36 MP: 2/2
   758 | D:2      | Found a runed translucent door.
   759 | D:2      | Noticed Crazy Yiuf
   765 | D:2      | Killed Crazy Yiuf
   765 | D:2      | Reached skill level 1 in Unarmed Combat
   808 | D:2      | Reached skill level 3 in Dodging
   869 | D:2      | Reached XP level 4. HP: 41/44 MP: 3/3
  1029 | D:2      | Found a hide-covered altar of Uskayaw.
  1118 | D:2      | Noticed Sigmund
  1137 | D:2      | Reached ** piety under Trog
  1150 | D:2      | HP: 1/44 [something (9)]
  1154 | D:2      | Slain by Sigmund

Skill      XL: |  1  2  3 |
---------------+----------+-----
Unarmed Combat | 1 |  1.6
Dodging        | 3 |  3.0
Fighting       | |  2.9
Maces & Flails | |  2.6
Throwing       | |  0.9
Stealth        | |  0.5

Action                   |  1- 3 |  4- 6 || total
-------------------------+-------+-------++-------
Melee: Unarmed           |    77 |    29 ||   106
       Punch             |     1 |     1 ||     2
Invok: Berserk           |     1 |     1 ||     2
 Stab: Sleeping          |     1 |       ||     1
  Eat: Chunk             |     6 |     7 ||    13
Armor: Animal skin       |    24 |       ||    24
       Robe              |     4 |    19 ||    23
Dodge: Dodged            |    38 |    24 ||    62
